 Dungeon Crawl Stone Soup version 0.16-a0-2072-gc0ac6de (webtiles) character file.

44 PolkaDot the Caller (level 3, 0/27 HPs)
             Began as a Vampire Summoner on Nov 12, 2014.
             Succumbed to poison (a potion of poison)
             ... on level 3 of the Dungeon.
             The game lasted 00:04:33 (1786 turns).

PolkaDot the Caller (Vampire Summoner)              Turns: 1786, Time: 00:04:33

Health: 0/27       AC:  2    Str: 13    XL:     3   Next: 41%
Magic:  6/6        EV: 12    Int: 18    God:
Gold:   103        SH:  0    Dex: 14    Spells: 2 memorised, 3 levels left

rFire  . . .     SeeInvis +     g - +0 spear (pierce)
rCold  . . .     Clarity  .     a - +0 robe
rNeg   + . .     SustAb   .     (no shield)
rPois  .         Gourm    .     (no helmet)
rElec  .         Spirit   .     (no cloak)
rCorr  .         Warding  .     (no gloves)
rMut   .         Stasis   .     (no boots)
MR     .....                    (no amulet)
Stlth  ++........               n - ring of positive energy
                                k - +6 ring of strength

@: lethally poisoned, very slightly contaminated, regenerating quickly, hasted,
very quick, not resistant to hostile enchantments, unstealthy
A: fangs 3, hooves 1, see invisible, unbreathing
a: no special abilities


You were on level 3 of the Dungeon.
You were full.

You visited 1 branch of the dungeon, and saw 3 of its levels.

You collected 103 gold pieces.

Inventory:

Hand weapons
 g - a +0 spear of piercing (weapon)
Armour
 a - a +0 robe (worn)
Jewellery
 k - a +6 ring of strength (left hand)
 n - a ring of positive energy (right hand)
Scrolls
 d - a scroll of remove curse {unknown}
 f - a scroll of enchant weapon {unknown}
 h - a scroll of random uselessness {unknown}
 i - 2 scrolls of teleportation {unknown}
Potions
 c - a potion of blood {@*1}
 e - a potion of restore abilities
Books
 b - a book of Callings

   Spells                             Type                      Level
   *Summon Small Mammal               Summoning                    1
   *Call Imp                          Summoning                    2
   Call Canine Familiar               Summoning                    3
   Summon Guardian Golem              Hexes/Summoning              4
   Summon Lightning Spire             Summoning/Air                4
   Summon Ice Beast                   Ice/Summoning                4


   Skills:
 * Level 2.1 Fighting
 - Level 2.1 Dodging
 - Level 3.0 Stealth
 - Level 2.0 Spellcasting
 + Level 4.4 Summonings


You had 3 spell levels left.
You knew the following spells:

 Your Spells              Type           Power        Failure   Level  Hunger
a - Summon Small Mammal   Summ           ###.         3%          1    #......
s - Call Imp              Summ           ###.....     6%          2    ###....


Dungeon Overview and Level Annotations

Branches:
Dungeon (3/15)

Altars:
Elyvilon
Nemelex Xobeh


Innate Abilities, Weirdness & Mutations

Your natural rate of healing is unusually fast.
You have razor-sharp teeth.
You have supernaturally acute eyesight.
You can survive without breathing.
You have large cloven feet.


Message History

You feel fantastic!
It was a potion of beneficial mutation.
The orc barely misses you.
Drink which item? (? for menu, Esc to quit)
You can't drink that!
Drink which item? (? for menu, Esc to quit)
That liquid tasted very nasty...
You are lethally poisoned!
It was a potion of poison.
* * * LOW HITPOINT WARNING * * *
You feel sick. The orc closely misses you.
Drink which item? (? for menu, Esc to quit)
You feel yourself speed up.
It was a potion of haste.
* * * LOW HITPOINT WARNING * * *
You feel sick. The orc closely misses you.
You are very lightly contaminated with residual magic.
Drink which item? (? for menu, Esc to quit)
Okay, then.
* * * LOW HITPOINT WARNING * * *
You feel sick.
You die...

...##.######.....≈≈≈...♣.
#....≈≈≈≈≈....
#....≈≈♣≈≈...|
#.#..≈≈≈≈≈....
#...K.≈≈≈...♣.
#..........♣♣♣
#......(..♣♣
#.#########...##♣♣
#...@..oKK....###
###########.....# #######


You could see an orc and 2 kobolds.

Vanquished Creatures
  A worm (D:2)
  2 oozes
  2 orcs (D:3)
  A ball python (D:3)
  2 bats (D:1)
  3 giant cockroaches (D:2)
  7 goblins
  3 hobgoblins (D:2)
  A quokka (D:2)
  A giant gecko (D:2)
  4 giant newts
  5 kobolds (D:2)
  4 rats
36 creatures vanquished.

Notes
Turn   | Place    | Note
--------------------------------------------------------------
     0 | D:1      | PolkaDot, the Vampire Summoner, began the quest for the Orb.
     0 | D:1      | Reached XP level 1. HP: 13/13 MP: 3/3
   248 | D:1      | Reached skill level 1 in Fighting
   357 | D:1      | Reached XP level 2. HP: 21/21 MP: 4/4
   365 | D:1      | Learned a level 2 spell: Call Imp
  1208 | D:2      | Reached XP level 3. HP: 27/27 MP: 6/6
  1226 | D:2      | Found a sparkling altar of Nemelex Xobeh.
  1703 | D:3      | Found a white marble altar of Elyvilon.
  1764 | D:3      | HP: 1/27 [orc (3)]
  1780 | D:3      | Gained mutation: You have large cloven feet. [potion of beneficial mutation]
  1784 | D:3      | HP: 1/27 [poison (a potion of poison)]
  1786 | D:3      | Succumbed to poison (a potion of poison)

Action                   || total
-------------------------++-------
Melee: Dagger            ||    15
       Spear             ||   110
       Unarmed           ||     3
  Use: Potion            ||     4
 Stab: Sleeping          ||     5
  Eat: Corpse            ||    11
